 Dungeon Crawl Stone Soup version 0.29.1-2-gbd0b4ee654 (webtiles) character file.

Game seed: 13306887885988000678

32778 Arcadio the Nimble (level 13, -4/145 HPs)
             Began as a Troll Monk on Oct 27, 2022.
             Was a High Priest of Ashenzari.
             Slain by an eight-headed hydra (6 damage)
             ... on level 5 of the Lair of Beasts.
             The game lasted 01:07:43 (11936 turns).

Arcadio the Nimble (Troll Monk)                    Turns: 11936, Time: 01:07:44

Health: -4/145     AC:  9    Str: 32    XL:     13   Next: 33%
Magic:  0/12       EV: 17    Int:  6    God:    Ashenzari [*****.]
Gold:   641        SH:  0    Dex: 16    Spells: 6/12 levels left

rFire   + . .      SeeInvis +   o - +14 obsidian axe {vorpal, Mesm Drain Fly SInv, Melee, Evo} (curse)
rCold   x . .      Faith    .   (no shield)
rNeg    . . .      Spirit   +   G - +0 troll leather armour "Shackled Burden" {Regen+, Comp, Self} (curse)
rPois   +          Reflect  .   l - +2 hat of the Prescient Mistrust {Evo, Range} (curse)
rElec   .          Harm     .   E - +0 cloak of Supernal Wisdom {Range, Melee} (curse)
rCorr   .          Rampage  .   (gloves unavailable)
Will    .....      Clarity  +   (boots unavailable)
Stlth   ++........              m - amulet of Ashenzari's Dogma {Spirit, Range, Cun} (curse)
HPRegen 1.94/turn               f - ring "Tethered Oracle" {Fire rPois Str+6 Dex+4, Alch, Elem} (curse)
MPRegen 0.13/turn               N - ring "Eternal Together" {Wiz, Melee, Evo} (curse)

@: mighty, lethally poisoned (-4 -> -6), flying, mesmerised, studying Stealth
A: large, unfitting armour, claws 3, regeneration 1, shaggy fur 1, tough skin 1
a: Renounce Religion, Curse Item, Shatter the Chains


You were on level 5 of the Lair of Beasts.
You worshipped Ashenzari.
Ashenzari was extremely pleased with you.
You visited 4 branches of the dungeon, and saw 16 of its levels.

You collected 1031 gold pieces.
You spent 390 gold pieces at shops.

Inventory:

Hand Weapons
 a - a +0 broad axe of flaming
 o - the cursed +14 obsidian axe (weapon) {vorpal, Mesm Drain Fly SInv, Melee, Evo}
   (You found it on level 1 of the Lair of Beasts)

   It inflicts extra damage upon your enemies.
   It occasionally summons demons to assist the wielder when it strikes in
   combat.
   Its wielder is mesmerised by any visible foes.
   It cannot be unequipped while any foes are visible.
   SInv:      It lets you see invisible.
   Fly:       It grants you flight.
   Drain:     It drains your maximum health when unequipped.
   It has a curse which improves the following skills: Melee Combat: Short
   Blades, Long Blades, Axes, Maces & Flails, Polearms, Staves and Unarmed
   Combat.
   Evocations: Evocations.
 O - a +0 vampiric demon trident
Armour
 l - the cursed +2 hat of the Prescient Mistrust (worn) {Evo, Range}
   (You found it on level 3 of the Dungeon)

   It has a curse which improves the following skills: Evocations: Evocations.
   Ranged Combat: Ranged Weapons and Throwing.
 E - the cursed +0 cloak of Supernal Wisdom (worn) {Range, Melee}
   (You took it off Crazy Yiuf on level 7 of the Dungeon)

   It has a curse which improves the following skills: Ranged Combat: Ranged
   Weapons and Throwing.
   Melee Combat: Short Blades, Long Blades, Axes, Maces & Flails, Polearms,
   Staves and Unarmed Combat.
 G - the cursed +0 troll leather armour "Shackled Burden" (worn) {Regen+, Comp, Self}
   (You bought it in a shop on level 8 of the Dungeon)

   Regen:     It increases your rate of health regeneration.
   It has a curse which improves the following skills: Companions: Summonings
   and Necromancy.
   Introspection: Fighting and Spellcasting.
 M - +0 steam dragon scales
Jewellery
 f - the cursed ring "Tethered Oracle" (left claw) {Fire rPois Str+6 Dex+4, Alch, Elem}
   (You acquired it on level 3 of the Dungeon)

   [ring of fire]

   It enhances your fire magic.
   Str:       It affects your strength (+6).
   Dex:       It affects your dexterity (+4).
   rF:        It protects you from fire.
   rC:        It makes you vulnerable to cold.
   rPois:     It protects you from poison.
   It has a curse which improves the following skills: Alchemy: Poison Magic and
   Transmutations.
   Elements:  Fire Magic, Ice Magic, Air Magic and Earth Magic.
 m - the cursed amulet of Ashenzari's Dogma (around neck) {Spirit, Range, Cun}
   (You found it on level 3 of the Dungeon)

   [amulet of guardian spirit]

   It causes incoming damage to be divided between your reserves of health and
   magic.
   It has a curse which improves the following skills: Ranged Combat: Ranged
   Weapons and Throwing.
   Cunning:   Dodging and Stealth.
 H - a ring of flight
 J - a ring of fire
 N - the cursed ring "Eternal Together" (right claw) {Wiz, Melee, Evo}
   (You found it on level 9 of the Dungeon)

   [ring of wizardry]

   It improves your spell success rate.
   It has a curse which improves the following skills: Melee Combat: Short
   Blades, Long Blades, Axes, Maces & Flails, Polearms, Staves and Unarmed
   Combat.
   Evocations: Evocations.
Wands
 p - a wand of light (9)
 q - a wand of paralysis (16)
 v - a wand of polymorph (11)
 D - a wand of iceblast (5)
 K - a wand of digging (5)
Scrolls
 c - 2 scrolls of silence
 e - 7 scrolls of teleportation
 g - a scroll of blinking
 h - 5 scrolls of poison
 i - 3 scrolls of immolation
 n - 6 scrolls of fog
 r - 3 scrolls of enchant weapon
 s - a scroll of fear
 u - 3 scrolls of amnesia
 w - a scroll of summoning
 y - 2 scrolls of brand weapon
 A - a scroll of acquirement
 B - 2 scrolls of magic mapping
 F - 4 scrolls of enchant armour
Potions
 j - 4 potions of haste
 k - 6 potions of curing
 t - 2 potions of brilliance
 x - a potion of lignification
 z - 2 potions of cancellation
 C - 2 potions of magic
 L - a potion of berserk rage


   Skills:
 + Level 11.6(13.8) Fighting
 + Level 6.8(11.3) Axes
 + Level 11.6(13.9) Dodging
 - Level 1.0(2.3) Stealth
 - Level 11.2(15.7) Unarmed Combat


You had 6 spell levels left.
You knew the following spells:

 Your Spells              Type           Power      Damage    Failure   Level
a - Blink                 Tloc           0%         N/A       32%         2
b - Call Imp              Summ           0%         N/A       28%         2
c - Searing Ray           Conj           0%         2d4       32%         2

Your spell library contained the following spells:

 Spells                   Type           Power      Damage    Failure   Level
 Freeze                   Ice            0%         1d3       19%         1
 Sting                    Tmut/Pois      0%         1d3       19%         1
 Magic Dart               Conj           0%         1d3       22%         1
 Poisonous Vapours        Pois/Air       0%         N/A       28%         2
 Frozen Ramparts          Ice            0%         1d1       47%         3
 Ozocubu's Armour         Ice            0%         N/A       47%         3
 Mephitic Cloud           Conj/Pois/Air  0%         N/A       50%         3
 Stone Arrow              Conj/Erth      0%         3d7       50%         3
 Lesser Beckoning         Tloc           0%         N/A       52%         3
 Portal Projectile        Hex/Tloc       0%         N/A       52%         3
 Tukima's Dance           Hex            0%         N/A       52%         3
 Animate Armour           Summ/Erth      0%         N/A       86%         4
 Ice Form                 Ice/Tmut       0%         N/A       86%         4
 Olgreb's Toxic Radiance  Pois           0%         N/A       86%         4
 Summon Ice Beast         Ice/Summ       0%         N/A       86%         4
 Hailstorm                Conj/Ice       0%         3d3       87%         4
 Fulminant Prism          Conj/Hex       0%         3d6       89%         4
 Blade Hands              Tmut           0%         N/A       99%         5
 Manifold Assault         Tloc           0%         N/A       99%         5
 Ozocubu's Refrigeration  Ice            0%         4d7       100%        7
 Lehudib's Crystal Spear  Conj/Erth      0%         10d2      100%        8
 Chain Lightning          Conj/Air       0%         N/A       100%        9
 Fire Storm               Conj/Fire      0%         5d1       100%        9
 Shatter                  Erth           0%         3d5*      100%        9


Dungeon Overview and Level Annotations

Branches:
Dungeon (9/15) Zot: 25543  Temple (1/1) D:7 Zot: 5909    Lair (5/5) D:9 Zot: 26636
  Swamp (0/4) Lair:3        Snake (0/4) Lair:3          Orc (1/2) D:9 Zot: 5915
  Slime: Lair:4-5

Altars:
Ashenzari
Cheibriados
Dithmenos
Elyvilon
Fedhas
Gozag
Hepliaklqana
Kikubaaqudgha
Makhleb
Nemelex Xobeh
Okawaru
Qazlal
Ru
Sif Muna
Trog
Uskayaw
Vehumet
Wu Jian
Xom
Yredelemnul
Zin
The Shining One

Shops:
D:8 [((=[

Annotations:
Orc:1 Fannar


Innate Abilities, Weirdness & Mutations

You are too large for most types of armour.
You have claws for hands.
Your natural rate of healing is unusually fast.
You are covered in fur. (AC +1)
You have tough skin. (AC +1)


Message History

The black mamba bites you but does no damage.
The black mamba bites you!
* * * LOW HITPOINT WARNING * * *
Your hellwing hits the black mamba. Your hellwing misses the black mamba.
You hit the black mamba.
The black mamba is severely wounded.
The black mamba bites you!
* * * LOW HITPOINT WARNING * * *
You are poisoned.
The black mamba poisons you!
The eight-headed hydra bites your hellwing but does no damage. x3
The eight-headed hydra bites your hellwing!
The eight-headed hydra bites your hellwing but does no damage.
The eight-headed hydra bites your hellwing.
The eight-headed hydra bites your hellwing but does no damage.
The eight-headed hydra bites your hellwing!
Your neqoxec hits the eight-headed hydra!
Your hellwing hits the eight-headed hydra! x2
You slice the black mamba!!
You break out of your daze!
You kill the black mamba!
Visions of slaying the eight-headed hydra flood into your mind.
You feel very sick.
Your hellwing barely misses the eight-headed hydra. x2
You barely miss the eight-headed hydra. You claw the eight-headed hydra!
The eight-headed hydra is heavily wounded.
You feel very sick. The eight-headed hydra bites you.
* * * LOW HITPOINT WARNING * * *
The eight-headed hydra bites you.
* * * LOW HITPOINT WARNING * * *
The eight-headed hydra bites you.
* * * LOW HITPOINT WARNING * * *
The eight-headed hydra completely misses you.
The eight-headed hydra bites you but does no damage.
The eight-headed hydra bites you.
* * * LOW HITPOINT WARNING * * *
The eight-headed hydra bites you but does no damage.
The eight-headed hydra bites you!
You die...

,,, ,,, * ,,* ,
,,*, ,,,, * * * , ,
, * ,, ** *,,{{,*,
,,,,... * *** {. ,
,, ....* *,,*.. , ,
, .....######## ..,
, ,, , ,
......#..⌠.##.#..**
** ⌠ , ,
,[................
* , * .......3D@..+
{ ⌠, + , *
##.....#†4...# ,{ ,
,,, ,*
,*#......##.⌠$## *
* , * ,,
**##.......#.### ,
,***, , , *
#.#.........## *, *
* ,,
*##...........#*, ,
,,
.#............#.#
*, , , 8,
................#,,
, , , ,
###............# ,*


You could see an eight-headed hydra (mesmerising, ally target), a friendly
hellwing (summoned) and a friendly neqoxec (summoned).

Vanquished Creatures
  Rupert (Lair:4)
  3 hydras
  2 two-headed ogres (D:9)
  Sonja (Lair:1)
  Urug (Lair:4)
  The ghost of ioannis32 the Covered, a novice DsBe of Trog (D:6)
  Pikel (D:6)
  A wolf spider (Lair:1)
  Joseph (D:8)
  5 black mambas
  5 cane toads
  3 rime drakes
  Maggie (D:8)
  Psyche (D:9)
  4 komodo dragons
  A troll (D:9)
  A polar bear (Lair:4)
  2 tyrant leeches (Lair:3)
  Grinder (D:6)
  A hornet (D:5)
  13 blink frogs
  16 yaks
  2 steam dragons (D:9)
  3 basilisks
  2 wargs
  Edmund (D:6)
  A swamp worm (Lair:3)
  An acid dragon (D:9)
  13 water moccasins
  2 orc warriors
  2 black bears
  An ice beast (D:5)
  A sky beast (D:8)
  20 wolves
  7 ogres
  2 phantoms
  2 centaurs
  2 lemures (D:6)
  The ghost of t4s4d4r the Insei, an amateur OpTm (D:3)
  2 kobold brigands
  2 scorpions
  9 bullfrogs
  A necrophage (D:7)
  3 wights (D:6)
  3 howler monkeys
  A lava snake (D:9)
  Crazy Yiuf (D:7)
  3 hounds
  2 jellies
  6 orc priests
  Jessica (D:2)
  5 iguanas
  12 orc wizards
  16 adders
  A worm (D:2)
  3 dart slugs
  37 orcs
  4 endoplasms
  A giant cockroach (D:2)
  7 goblins
  3 hobgoblins
  3 jackals (D:3)
  3 quokkas
  3 ball pythons
  5 bats
  4 frilled lizards
  12 kobolds
  4 rats
286 creatures vanquished.

Vanquished Creatures (collateral kills)
  3 hydras
  2 death yaks (Lair:2)
  A torpor snail (Lair:2)
  2 cane toads
  A komodo dragon (Lair:4)
  A polar bear (Lair:4)
  2 blink frogs (Lair:2)
  2 wyverns (Lair:3)
  A yak (Lair:5)
  4 nagas (Lair:3)
  3 water moccasins (Lair:4)
  5 wolves (Lair:3)
  A bullfrog (Lair:3)
  An electric eel (Lair:1)
  A plant (Lair:3)
30 creatures vanquished.

Vanquished Creatures (others)
  13 fungi
  19 plants
32 creatures vanquished.

Grand Total: 348 creatures vanquished

Notes
Turn   | Place    | Note
-------+----------+-------------------------------------------
     0 | D:1      | Arcadio the Troll Monk began the quest for the Orb.
     0 | D:1      | Reached XP level 1. HP: 22/22 MP: 0/0
   473 | D:1      | Reached XP level 2. HP: 29/29 MP: 1/1
  1214 | D:2      | Reached XP level 3. HP: 34/36 MP: 2/2
  1375 | D:2      | Found a faded altar of an unknown god.
  1375 | D:2      | Noticed Jessica
  1387 | D:2      | Killed Jessica
  1388 | D:2      | Reached XP level 4. HP: 39/45 MP: 3/3
  1445 | D:2      | Prayed at the altar of an unknown god.
  1445 | D:2      | Became a worshipper of Ashenzari the Shackled
  2011 | D:3      | Reached * piety under Ashenzari
  2011 | D:3      | Identified a scroll of acquirement
  2015 | D:3      | Acquired the ring "Dataxtac" {Fire rPois Str+6 Dex+4}
  2045 | D:3      | Found a runed translucent door.
  2045 | D:3      | Noticed t4s4d4r's ghost (amateur OpTm)
  2120 | D:3      | Reached XP level 5. HP: 53/53 MP: 4/4
  2447 | D:3      | Killed t4s4d4r's ghost
  2601 | D:4      | Reached ** piety under Ashenzari
  2684 | D:4      | Reached XP level 6. HP: 62/62 MP: 5/5
  2738 | D:4      | Reached skill level 5 in Unarmed Combat
  2992 | D:4      | Reached XP level 7. HP: 70/70 MP: 6/6
  3111 | D:4      | Reached *** piety under Ashenzari
  3370 | D:5      | Entered Level 5 of the Dungeon
  3401 | D:5      | Noticed a hornet
  3415 | D:5      | Paralysed by a hornet for 1 turns
  3418 | D:5      | Killed a hornet
  3606 | D:5      | Reached skill level 5 in Fighting
  3606 | D:5      | Reached skill level 5 in Dodging
  3606 | D:5      | Reached XP level 8. HP: 80/80 MP: 7/7
  3916 | D:5      | Found a sacrificial altar of Ru.
  4235 | D:6      | Noticed Pikel
  4445 | D:6      | Noticed Edmund
  4456 | D:6      | Killed Edmund
  4471 | D:6      | Noticed Grinder
  4477 | D:6      | Killed Pikel
  4478 | D:6      | Reached XP level 9. HP: 87/91 MP: 6/8
  4480 | D:6      | Killed Grinder
  5154 | D:6      | Found a runed translucent gate.
  5155 | D:6      | Found a runed translucent gate.
  5155 | D:6      | Found a runed translucent gate.
  5157 | D:6      | Noticed ioannis32's ghost (novice DsBe)
  5179 | D:6      | Killed ioannis32's ghost
  5276 | D:7      | Found a staircase to the Ecumenical Temple.
  5324 | Temple   | Entered the Ecumenical Temple
  5561 | D:7      | Found a runed translucent door.
  5562 | D:7      | Noticed Crazy Yiuf
  5976 | D:7      | Killed Crazy Yiuf
  5985 | D:7      | Reached **** piety under Ashenzari
  6080 | D:8      | Found Qijengom's Weapon Emporium.
  6140 | D:8      | Reached XP level 10. HP: 90/102 MP: 7/9
  6204 | D:8      | Found Ulul's Jewellery Boutique.
  6332 | D:8      | Found Kafopn's Antique Armour Boutique.
  6338 | D:8      | Bought a troll leather armour for 390 gold pieces
  6469 | D:8      | Found a sparkling altar of Nemelex Xobeh.
  6470 | D:8      | Found an ornate altar of the Wu Jian Council.
  6470 | D:8      | Found a glowing golden altar of the Shining One.
  6470 | D:8      | Found a glowing silver altar of Zin.
  6472 | D:8      | Found a shimmering blue altar of Sif Muna.
  6473 | D:8      | Found an opulent altar of Gozag.
  6560 | D:8      | Noticed Maggie
  6570 | D:8      | Killed Maggie
  6593 | D:8      | Noticed Joseph
  6603 | D:8      | Killed Joseph
  6660 | D:8      | Found Veraho's Antique Armour Emporium.
  6828 | D:8      | Found Uwkargh's Antique Weapon Emporium.
  7168 | D:9      | Noticed Psyche
  7174 | D:9      | Killed Psyche
  7290 | D:9      | Reached skill level 10 in Unarmed Combat
  7366 | D:9      | Noticed a +0 spear
  7367 | D:9      | Noticed a +0 falchion
  7367 | D:9      | Noticed a +0 short sword
  7367 | D:9      | Noticed a +0 short sword
  7367 | D:9      | Noticed a +0 dagger
  7367 | D:9      | Noticed a +0 falchion
  7367 | D:9      | Noticed a +0 dagger
  7368 | D:9      | Noticed a +0 spear
  7381 | D:9      | Found a staircase to the Orcish Mines.
  7447 | D:9      | Noticed a two-headed ogre
  7469 | D:9      | Killed a two-headed ogre
  7542 | D:9      | Noticed a two-headed ogre
  7562 | D:9      | Killed a two-headed ogre
  7563 | D:9      | Reached XP level 11. HP: 36/113 MP: 2/10
  7758 | D:9      | Learned a level 2 spell: Blink
  7761 | D:9      | Learned a level 2 spell: Call Imp
  7764 | D:9      | Learned a level 2 spell: Searing Ray
  7768 | D:9      | Found a hide-covered altar of Uskayaw.
  7814 | D:9      | Found a staircase to the Lair.
  8158 | Orc:1    | Entered Level 1 of the Orcish Mines
  8433 | Orc:1    | Noticed Fannar
  8535 | Lair:1   | Entered Level 1 of the Lair of Beasts
  8669 | Lair:1   | Noticed a wolf spider
  8684 | Lair:1   | Killed a wolf spider
  8871 | Lair:1   | Found the +14 obsidian axe {vorpal, Mesm Drain Fly SInv}
  8950 | Lair:1   | Noticed Sonja
  8956 | Lair:1   | Killed Sonja
  8957 | Lair:1   | Reached skill level 1 in Axes
  9341 | Lair:1   | Reached ***** piety under Ashenzari
  9586 | Lair:2   | Noticed a seven-headed hydra
  9597 | Lair:2   | Killed an 11-headed hydra
  9754 | Lair:2   | Reached skill level 10 in Dodging
  9799 | Lair:2   | Reached skill level 10 in Fighting
  9799 | Lair:2   | Reached XP level 12. HP: 132/132 MP: 11/11
  9943 | Lair:2   | Noticed a death yak
  9945 | Lair:2   | Noticed a death yak
  9948 | Lair:2   | Killed a death yak
  9949 | Lair:2   | Killed a death yak
 10257 | Lair:3   | Noticed a five-headed hydra
 10257 | Lair:3   | Noticed a seven-headed hydra
 10287 | Lair:3   | Killed a seven-headed hydra
 10290 | Lair:3   | Killed a five-headed hydra
 10328 | Lair:3   | Reached skill level 5 in Axes
 10458 | Lair:3   | Found a staircase to the Snake Pit.
 10576 | Lair:3   | Noticed a seven-headed hydra
 10585 | Lair:3   | Killed a seven-headed hydra
 10911 | Lair:3   | Found a staircase to the Swamp.
 11040 | Lair:4   | Noticed an eight-headed hydra
 11046 | Lair:4   | Killed a nine-headed hydra
 11159 | Lair:4   | Reached XP level 13. HP: 144/144 MP: 12/12
 11384 | Lair:4   | Noticed Urug
 11392 | Lair:4   | Killed Urug
 11472 | Lair:4   | Noticed Rupert
 11480 | Lair:4   | Paralysed by Rupert for 2 turns
 11482 | Lair:4   | Killed Rupert
 11892 | Lair:5   | Entered Level 5 of the Lair of Beasts
 11904 | Lair:5   | HP: 3/145 [11-headed hydra (13)]
 11936 | Lair:5   | HP: 5/145 [eight-headed hydra (4)]
 11936 | Lair:5   | HP: 2/145 [eight-headed hydra (3)]
 11936 | Lair:5   | Slain by an eight-headed hydra

Illustrated notes

Levels and vault maps discovered:
D:1:      arrival_zaba_pyramid, layout_loops_corners, minmay_crystal_water,
          serial_bayou_ford_a, st_stairs_13, minmay_misc_feat_diagonals,
          chequers_big_river, hangedman_glass_teeth, serial_bayou_crossing
D:2:      layout_loops_ring, ebering_ecumenical_altar_box, solitary_fountain,
          uniq_jessica
D:3:      layout_basic, gammafunk_ghost_grave
D:4:      layout_basic
D:5:      layout_loops_cross, kennysheep_mini, minmay_manual_mandibuliform
D:6:      layout_basic, ebering_ghost_rock_garden, uniq_grinder, uniq_pikel,
          uniq_edmund
D:7:      layout_rooms, minmay_temple_entry_proselytizer, item_on_display_a,
          uniq_crazy_yiuf_cottage
D:8:      layout_loops_corners, grunt_temple_overflow_open, serial_shops,
          kennysheep_mini_moat, shop, nicolae_lakefront_shop, shop, shop,
          uniq_maggie, uniq_joseph
D:9:      layout_basic, nicolae_uskayaw_en_pointe, lair_entry_dummy,
          orc_david_3, nicolae_wwwww, minivault_16, kennysheep_generic_room_2,
          uniq_psyche
Temple:   jpeg_temple_clearing
Lair:1:   layout_long_grid, dreamdust_deal_with_the_devil,
          nicolae_lair_run_with_the_wolves, serial_bayou_shore_a, uniq_sonja
Lair:2:   layout_loops_ring
Lair:3:   layout_loops_ring, minmay_swamp_entry_worms,
          minmay_snake_entry_guardpost_medium, beast_lair_carwin_9,
          infiniplex_staircase_pool
Lair:4:   beast_lair_carwin_large_1, layout_small_grid, uniq_urug, uniq_rupert
Lair:5:   evilmike_catoblepas_cave, layout_cave_pods,
          minmay_slime_entry_oklob_enclosed, grunt_megastairs_1
Orc:1:    layout_caves, uniq_fannar

Skill      XL: |  1  2  3  4  5  6  7  8  9 10 11 12 |
---------------+-------------------------------------+-----
Fighting       | 3 4 5 6 7 8 10 11 | 11.6
Dodging        | 3 4 5 6 7 8 10 11 | 11.6
Unarmed Combat | 4 5 6 7 8 10 11 | 11.2
Axes           | 3 6 |  6.8
Stealth        | |  1.0

Action                   |  1- 3 |  4- 6 |  7- 9 | 10-12 | 13-15 || total
-------------------------+-------+-------+-------+-------+-------++-------
Melee: Unarmed           |    63 |   114 |   205 |   251 |       ||   633
       Punch             |     1 |     2 |    11 |    22 |     3 ||    39
       Broad axe         |       |       |       |   118 |    37 ||   155
Invok: Curse Item        |       |     3 |     2 |     3 |       ||     8
       Shatter the Chain |       |       |       |     1 |       ||     1
Evoke: Wand              |       |       |       |    11 |     4 ||    15
  Use: Scroll            |     2 |     2 |       |     1 |     2 ||     7
       Potion            |       |       |       |     3 |     4 ||     7
 Stab: Sleeping          |       |     5 |     3 |     2 |       ||    10
Armor: Robe              |    12 |    41 |    46 |     4 |       ||   103
       Troll leather arm |       |       |       |   109 |    18 ||   127
Dodge: Dodged            |    24 |    71 |   100 |   287 |    54 ||   536
